TOP OF THE 1ST |
Salt Lake Bees batting - Pitching for Omaha Storm Chasers : RHP Joe Noonan
|
Pitching: RHP Joe Noonan
|
|
Batting: LHB Justin Alexander
|
0-0: Ball 1-0: Ball 2-0: Swinging Strike 2-1: Ground out 4-3 (Groundball, 4, EV 104.4 MPH)
|
Batting: LHB Jonathon Walton
|
0-0: Ball 1-0: Called Strike 1-1: TRIPLE (Flyball, 9LD, EV 108.8 MPH)
|
Batting: RHB Ryan Munro
|
0-0: Called Strike 0-1: Ball 1-1: Called Strike 1-2: Strikes out looking
|
Batting: LHB Brett Bugge
|
0-0: Ball 1-0: SINGLE (Line Drive, 78M, EV 108.8 MPH) Jonathon Walton scores
|
Batting: LHB James McCauley
|
0-0: Ball 1-0: Foul Ball, location: 2F 1-1: Ball 2-1: Ball 3-1: Ground out 4-3 (Groundball, 13, EV 83.8 MPH)
|
Top of the 1st over - 1 run, 2 hits, 0 errors, 1 left on base; Salt Lake 1 - Omaha 0 |
BOTTOM OF THE 1ST |
Omaha Storm Chasers batting - Pitching for Salt Lake Bees : RHP Luis Cabrera
|
Pitching: RHP Luis Cabrera
|
|
Batting: LHB Jim Pankratz
|
0-0: Foul Ball, location: 2F 0-1: Ball 1-1: Ball 2-1: Foul Ball, location: 2F 2-2: Foul Ball, location: 2F 2-2: Ball 3-2: Base on Balls
|
Batting: RHB Walt Cogswell
|
0-0: SINGLE (Groundball, 6MS, EV 66.9 MPH) (infield hit) Jim Pankratz to second
|
Batting: RHB Taisei Fujii
|
0-0: Called Strike 0-1: Ball 1-1: Fly out, F8 (Flyball, 8RD, EV 106.9 MPH) Runner from 2nd tags up, SAFE at 3rd with throw by CF
|
Batting: RHB Ken Postlethwaite
|
0-0: Ball 1-0: SINGLE (Flyball, 3D, EV 94.4 MPH) Jim Pankratz scores Walt Cogswell to second
|
Batting: RHB Danny Weisse
|
0-0: Ball 1-0: Called Strike 1-1: Called Strike 1-2: Ball 2-2: Strikes out swinging
|
Batting: SHB Francisco Gutierrez
|
0-0: Called Strike 0-1: Called Strike 0-2: Ball 1-2: Strikes out swinging
|
Bottom of the 1st over - 1 run, 2 hits, 0 errors, 2 left on base; Salt Lake 1 - Omaha 1 |
TOP OF THE 2ND |
Salt Lake Bees batting - Pitching for Omaha Storm Chasers : RHP Joe Noonan
|
Batting: RHB Kian-tat Chen
|
0-0: Ball 1-0: Ball 2-0: Called Strike 2-1: Fly out, F9 (Line Drive, 9, EV 90.6 MPH)
|
Batting: RHB Josh Faulconer
|
0-0: Called Strike 0-1: Called Strike 0-2: Foul Ball, location: 2F 0-2: Ball 1-2: Strikes out swinging
|
Batting: RHB Brandon Davis
|
0-0: Ball 1-0: Called Strike 1-1: Fly out, F2 (Popup, 3SF, EV 75.0 MPH)
|
Top of the 2nd over - 0 runs, 0 hits, 0 errors, 0 left on base; Salt Lake 1 - Omaha 1 |
BOTTOM OF THE 2ND |
Omaha Storm Chasers batting - Pitching for Salt Lake Bees : RHP Luis Cabrera
|
Batting: LHB Danny Bailey
|
0-0: Ball 1-0: Foul Ball, location: 2F 1-1: Foul Ball, location: 2F 1-2: Foul Ball, location: 2F 1-2: Foul Ball, location: 2F 1-2: Strikes out swinging
|
Batting: RHB Yuichi Takata
|
0-0: Ground out 4-3 (Groundball, 34, EV 103.8 MPH)
|
Batting: RHB Kevin Roseen
|
0-0: Ball 1-0: Swinging Strike 1-1: Swinging Strike 1-2: Strikes out swinging
|
Bottom of the 2nd over - 0 runs, 0 hits, 0 errors, 0 left on base; Salt Lake 1 - Omaha 1 |
TOP OF THE 3RD |
Salt Lake Bees batting - Pitching for Omaha Storm Chasers : RHP Joe Noonan
|
Batting: LHB Larry Prey
|
0-0: Ball 1-0: Called Strike 1-1: Foul Ball, location: 2F 1-2: Strikes out looking
|
Batting: LHB Justin Alexander
|
0-0: Called Strike 0-1: SINGLE (Groundball, 56, EV 107.5 MPH)
|
Batting: LHB Jonathon Walton
|
0-0: Ball 1-0: Ground out 5-3 (Groundball, 5S, EV 73.8 MPH) Justin Alexander to second
|
Batting: RHB Ryan Munro
|
0-0: Ball 1-0: Ball 2-0: Called Strike 2-1: Foul Ball, location: 2F 2-2: Foul Ball, location: 2F 2-2: Foul Ball, location: 2F 2-2: Ball 3-2: Ground out 5-3 (Groundball, 5, EV 84.4 MPH)
|
Top of the 3rd over - 0 runs, 1 hit, 0 errors, 1 left on base; Salt Lake 1 - Omaha 1 |
BOTTOM OF THE 3RD |
Omaha Storm Chasers batting - Pitching for Salt Lake Bees : RHP Luis Cabrera
|
Batting: LHB Jim Pankratz
|
0-0: Ball 1-0: Called Strike 1-1: Called Strike 1-2: Ball 2-2: Ball 3-2: SOLO HOME RUN (Flyball, 9D, EV 98.1 MPH), Distance : 368 ft
|
Batting: RHB Walt Cogswell
|
0-0: Ball 1-0: Ground out U3 (Groundball, 34S, EV 81.9 MPH)
|
Batting: RHB Taisei Fujii
|
0-0: Called Strike 0-1: Called Strike 0-2: Ground out 4-3 (Groundball, 34, EV 102.5 MPH)
|
Batting: RHB Ken Postlethwaite
|
0-0: Ground out 4-3 (Groundball, 4M, EV 100.6 MPH)
|
Bottom of the 3rd over - 1 run, 1 hit, 0 errors, 0 left on base; Salt Lake 1 - Omaha 2 |
TOP OF THE 4TH |
Salt Lake Bees batting - Pitching for Omaha Storm Chasers : RHP Joe Noonan
|
Batting: LHB Brett Bugge
|
0-0: Foul Ball, location: 2F 0-1: Ball 1-1: Foul Ball, location: 2F 1-2: Foul Ball, location: 2F 1-2: Ball 2-2: Foul Ball, location: 2F 2-2: Foul Ball, location: 2F 2-2: Ball 3-2: Strikes out looking
|
Batting: LHB James McCauley
|
0-0: Foul Ball, location: 2F 0-1: Ball 1-1: Called Strike 1-2: Foul Ball, location: 2F 1-2: Ball 2-2: TRIPLE (Flyball, 78XD, EV 90.0 MPH)
|
Batting: RHB Kian-tat Chen
|
0-0: Called Strike 0-1: Ball 1-1: Fly out, F9 (Flyball, 9S, EV 80.0 MPH)
|
Batting: RHB Josh Faulconer
|
0-0: Swinging Strike 0-1: Ground out 6-3 (Groundball, 6, EV 106.9 MPH)
|
Top of the 4th over - 0 runs, 1 hit, 0 errors, 1 left on base; Salt Lake 1 - Omaha 2 |
BOTTOM OF THE 4TH |
Omaha Storm Chasers batting - Pitching for Salt Lake Bees : RHP Luis Cabrera
|
Batting: RHB Danny Weisse
|
0-0: Hit by Pitch
|
Batting: SHB Francisco Gutierrez
|
0-0: Ball 1-0: SINGLE (Groundball, 6S, EV 71.9 MPH) (infield hit) Danny Weisse to second
|
Batting: LHB Danny Bailey
|
0-0: Foul Ball, location: 2F 0-1: Called Strike 0-2: Ball 1-2: Ball 2-2: Ball 3-2: Foul Ball, location: 2F 3-2: Base on Balls Danny Weisse to third Francisco Gutierrez to second
|
Batting: RHB Yuichi Takata
|
0-0: Fly out, F7 (Flyball, 7LS, EV 90.6 MPH)
|
Batting: RHB Kevin Roseen
|
0-0: Ball 1-0: Ball 2-0: Ball 3-0: Base on Balls Danny Weisse scores Francisco Gutierrez to third Danny Bailey to second
|
Batting: LHB Jim Pankratz
|
0-0: Ball 1-0: Ball 2-0: Ball 3-0: Base on Balls Francisco Gutierrez scores Danny Bailey to third Kevin Roseen to second
|
Batting: RHB Walt Cogswell
|
0-0: Foul Ball, location: 2F 0-1: Swinging Strike 0-2: Ball 1-2: Strikes out swinging
|
Batting: RHB Taisei Fujii
|
0-0: Called Strike 0-1: Fly out, F5 (Popup, 5SF, EV 87.5 MPH)
|
Bottom of the 4th over - 2 runs, 1 hit, 0 errors, 3 left on base; Salt Lake 1 - Omaha 4 |
TOP OF THE 5TH |
Salt Lake Bees batting - Pitching for Omaha Storm Chasers : RHP Joe Noonan
|
Batting: RHB Brandon Davis
|
0-0: Ball 1-0: Called Strike 1-1: Foul Ball, location: 2F 1-2: SINGLE (Line Drive, 9S, EV 98.1 MPH)
|
Batting: LHB Larry Prey
|
0-0: Ball Brandon Davis steals 2nd base 1-0: Foul Ball, location: 2F 1-1: DOUBLE (Line Drive, 9LD, EV 113.8 MPH) Brandon Davis scores
|
Batting: LHB Justin Alexander
|
0-0: Ball 1-0: Swinging Strike 1-1: Fly out, F6 (Popup, 6MD, EV 67.5 MPH)
|
Batting: LHB Jonathon Walton
|
0-0: Ball Larry Prey steals 3rd base 1-0: Swinging Strike 1-1: Ball 2-1: Ball 3-1: Base on Balls
|
Batting: RHB Ryan Munro
|
0-0: SINGLE (Flyball, 6D, EV 95.0 MPH) Larry Prey scores Jonathon Walton to second
|
Batting: LHB Brett Bugge
|
0-0: Called Strike 0-1: SINGLE (Flyball, 9LS, EV 99.4 MPH) Jonathon Walton to third Ryan Munro to second Runner from 3rd tries for Home, SAFE, throw by RF to home
|
Batting: LHB James McCauley
|
0-0: Ball 1-0: Ball 2-0: Ball 3-0: Called Strike 3-1: Foul Ball, location: 2F 3-2: Base on Balls Ryan Munro to third Brett Bugge to second
|
Pitching: RHP Terry Romaine
|
|
Batting: RHB Kian-tat Chen
|
0-0: Ball 1-0: SINGLE (Groundball, 56, EV 103.1 MPH) Ryan Munro scores Brett Bugge to third James McCauley to second
|
Batting: RHB Josh Faulconer
|
0-0: Called Strike 0-1: Ball Wild Pitch! Brett Bugge scores James McCauley to third Kian-tat Chen to second 1-1: Ball 2-1: Called Strike 2-2: Ball 3-2: Foul Ball, location: 2F 3-2: Fly out, F9 (Flyball, 89S, EV 91.2 MPH)
|
Batting: RHB Brandon Davis
|
0-0: Foul Ball, location: 2F 0-1: Ball 1-1: Foul Ball, location: 2F 1-2: DOUBLE (Groundball, 5L, EV 105.6 MPH) James McCauley scores Kian-tat Chen scores
|
Batting: LHB Larry Prey
|
0-0: Fly out, F9 (Line Drive, 9, EV 96.9 MPH)
|
Top of the 5th over - 7 runs, 6 hits, 0 errors, 1 left on base; Salt Lake 8 - Omaha 4 |
BOTTOM OF THE 5TH |
Omaha Storm Chasers batting - Pitching for Salt Lake Bees : RHP Luis Cabrera
|
Batting: RHB Ken Postlethwaite
|
0-0: Called Strike 0-1: Fly out, F8 (Flyball, 8LD, EV 90.0 MPH)
|
Batting: RHB Danny Weisse
|
0-0: Called Strike 0-1: Called Strike 0-2: Strikes out swinging
|
Batting: SHB Francisco Gutierrez
|
0-0: Ball 1-0: Called Strike 1-1: Ball 2-1: Swinging Strike 2-2: Strikes out swinging
|
Bottom of the 5th over - 0 runs, 0 hits, 0 errors, 0 left on base; Salt Lake 8 - Omaha 4 |
TOP OF THE 6TH |
Salt Lake Bees batting - Pitching for Omaha Storm Chasers : RHP Terry Romaine
|
Batting: LHB Justin Alexander
|
0-0: Called Strike 0-1: Ball 1-1: Foul Ball, location: 2F 1-2: Ball 2-2: Strikes out swinging
|
Batting: LHB Jonathon Walton
|
0-0: Swinging Strike 0-1: Called Strike 0-2: Ball 1-2: Strikes out swinging
|
Batting: RHB Ryan Munro
|
0-0: Hit by Pitch
|
Batting: LHB Brett Bugge
|
0-0: Called Strike Ryan Munro steals 2nd base 0-1: Fly out, F9 (Flyball, 9D, EV 95.6 MPH)
|
Top of the 6th over - 0 runs, 0 hits, 0 errors, 1 left on base; Salt Lake 8 - Omaha 4 |
BOTTOM OF THE 6TH |
Omaha Storm Chasers batting - Pitching for Salt Lake Bees : RHP Luis Cabrera
|
Batting: LHB Danny Bailey
|
0-0: Called Strike 0-1: Ball 1-1: DOUBLE (Line Drive, 9LM, EV 108.8 MPH)
|
Batting: RHB Yuichi Takata
|
0-0: Ball 1-0: Ball 2-0: Ground out 5-3 (Groundball, 5S, EV 84.4 MPH)
|
Batting: RHB Kevin Roseen
|
0-0: Ball Danny Bailey steals 3rd base 1-0: Foul Ball, location: 2F 1-1: Foul Ball, location: 2F 1-2: Foul Ball, location: 2F 1-2: Ball 2-2: Ball 3-2: Foul Ball, location: 2F 3-2: Base on Balls
|
Batting: LHB Jim Pankratz
|
0-0: Ball 1-0: Swinging Strike 1-1: Called Strike 1-2: Ball 2-2: Foul Ball, location: 2F 2-2: Foul Ball, location: 2F 2-2: Ball 3-2: Foul Ball, location: 2F 3-2: Foul Ball, location: 2F 3-2: Base on Balls Kevin Roseen to second
|
Pitching: RHP Jake Bruen
|
|
Batting: RHB Walt Cogswell
|
0-0: Fielders Choice at 2nd, 3-6 (Groundball, 34, EV 83.1 MPH) Danny Bailey scores Kevin Roseen to third
|
Batting: RHB Taisei Fujii
|
0-0: Called Strike 0-1: Ground out 4-3 (Groundball, 4, EV 97.5 MPH)
|
Bottom of the 6th over - 1 run, 1 hit, 0 errors, 2 left on base; Salt Lake 8 - Omaha 5 |
TOP OF THE 7TH |
Salt Lake Bees batting - Pitching for Omaha Storm Chasers : RHP Terry Romaine
|
Pitching: RHP Tim Watson
|
|
Batting: LHB James McCauley
|
0-0: Called Strike 0-1: Ball 1-1: Called Strike 1-2: Fly out, F7 (Flyball, 7LS, EV 91.2 MPH)
|
Batting: RHB Kian-tat Chen
|
0-0: Foul Ball, location: 2F 0-1: Swinging Strike 0-2: Ball 1-2: Strikes out looking
|
Batting: RHB Josh Faulconer
|
0-0: Ball 1-0: Swinging Strike 1-1: Ball 2-1: Foul Ball, location: 2F 2-2: SINGLE (Groundball, 6MD, EV 100.6 MPH)
|
Batting: RHB Brandon Davis
|
0-0: SINGLE (Line Drive, 56, EV 105.0 MPH) Josh Faulconer to second
|
Batting: LHB Larry Prey
|
0-0: Ball 1-0: Called Strike 1-1: Ground out U3 (Groundball, 3, EV 103.1 MPH)
|
Top of the 7th over - 0 runs, 2 hits, 0 errors, 2 left on base; Salt Lake 8 - Omaha 5 |
BOTTOM OF THE 7TH |
Omaha Storm Chasers batting - Pitching for Salt Lake Bees : RHP Jake Bruen
|
Batting: RHB Ken Postlethwaite
|
0-0: Swinging Strike 0-1: Ball 1-1: Foul Ball, location: 2F 1-2: Ball 2-2: Foul Ball, location: 2F 2-2: Ball 3-2: SINGLE (Groundball, 4MS, EV 68.8 MPH) (infield hit)
|
Batting: RHB Danny Weisse
|
0-0: Ball 1-0: Ball 2-0: Ball 3-0: Base on Balls Ken Postlethwaite to second
|
Batting: SHB Francisco Gutierrez
|
0-0: Called Strike 0-1: Ball 1-1: SINGLE (Groundball, 6S, EV 71.9 MPH) (infield hit) Ken Postlethwaite to third Danny Weisse to second
|
Batting: LHB Danny Bailey
|
0-0: Swinging Strike 0-1: Called Strike 0-2: Ball 1-2: Strikes out swinging
|
Batting: RHB Yuichi Takata
|
0-0: Ball 1-0: Ball 2-0: Ball 3-0: Base on Balls Ken Postlethwaite scores Danny Weisse to third Francisco Gutierrez to second
|
Batting: RHB Kevin Roseen
|
0-0: Ball 1-0: Ball 2-0: Called Strike 2-1: Ball 3-1: Base on Balls Danny Weisse scores Francisco Gutierrez to third Yuichi Takata to second
|
Batting: LHB Jim Pankratz
|
0-0: Ball 1-0: Called Strike 1-1: Ball 2-1: Ball 3-1: Called Strike 3-2: Base on Balls Francisco Gutierrez scores Yuichi Takata to third Kevin Roseen to second
|
Pitching: LHP Nick Yarbrough
|
|
Batting: RHB Walt Cogswell
|
0-0: Ball 1-0: Called Strike 1-1: Called Strike 1-2: Ball 2-2: Ball 3-2: Foul Ball, location: 2F 3-2: Fly out, F9 (Flyball, 89M, EV 84.4 MPH)
|
Batting: RHB Taisei Fujii
|
0-0: Called Strike 0-1: Called Strike 0-2: Strikes out looking
|
Bottom of the 7th over - 3 runs, 2 hits, 0 errors, 3 left on base; Salt Lake 8 - Omaha 8 |
TOP OF THE 8TH |
Salt Lake Bees batting - Pitching for Omaha Storm Chasers : RHP Tim Watson
|
Batting: LHB Justin Alexander
|
0-0: Ball 1-0: Ball 2-0: Called Strike 2-1: Foul Ball, location: 2F 2-2: Ground out 5-3 (Groundball, 6, EV 80.0 MPH)
|
Batting: LHB Jonathon Walton
|
0-0: Foul Ball, location: 2F 0-1: Ball 1-1: Foul Ball, location: 2F 1-2: SINGLE (Line Drive, 9LS, EV 106.2 MPH)
|
Batting: RHB Ryan Munro
|
0-0: Ball 1-0: Called Strike 1-1: Called Strike Jonathon Walton is caught stealing 2nd base 2-4 1-2: Ground out 4-3 (Groundball, 4, EV 91.9 MPH)
|
Top of the 8th over - 0 runs, 1 hit, 0 errors, 0 left on base; Salt Lake 8 - Omaha 8 |
BOTTOM OF THE 8TH |
Omaha Storm Chasers batting - Pitching for Salt Lake Bees : LHP Nick Yarbrough
|
Pitching: RHP Danny Nava
|
|
Batting: RHB Ken Postlethwaite
|
0-0: Ball 1-0: Fly out, F8 (Line Drive, 8RD, EV 91.9 MPH)
|
Batting: RHB Danny Weisse
|
0-0: Ball 1-0: Ball 2-0: Ball 3-0: Base on Balls
|
Batting: SHB Francisco Gutierrez
|
0-0: Called Strike 0-1: Swinging Strike 0-2: Foul Ball, location: 2F 0-2: Ball 1-2: Strikes out swinging Danny Weisse steals 2nd base (no throw) Batter strikes out.
|
Batting: LHB Danny Bailey
|
0-0: Called Strike 0-1: Swinging Strike 0-2: Ball 1-2: Ball 2-2: Ball 3-2: Foul Ball, location: 2F 3-2: Base on Balls
|
Batting: RHB Yuichi Takata
|
0-0: Ball 1-0: Fly out, F5 (Popup, 5SF, EV 88.8 MPH)
|
Bottom of the 8th over - 0 runs, 0 hits, 0 errors, 2 left on base; Salt Lake 8 - Omaha 8 |
TOP OF THE 9TH |
Salt Lake Bees batting - Pitching for Omaha Storm Chasers : RHP Tim Watson
|
Pitching: RHP Jake Gregor
|
|
Batting: LHB Brett Bugge
|
0-0: Called Strike 0-1: Swinging Strike 0-2: Strikes out swinging
|
Batting: LHB James McCauley
|
0-0: Foul Ball, location: 2F 0-1: Ball 1-1: Ball 2-1: Called Strike 2-2: Strikes out swinging
|
Batting: RHB Kian-tat Chen
|
0-0: Called Strike 0-1: Foul Ball, location: 2F 0-2: Foul Ball, location: 2F 0-2: Ball 1-2: Ball 2-2: Ground out 5-3 (Groundball, 56, EV 92.5 MPH)
|
Top of the 9th over - 0 runs, 0 hits, 0 errors, 0 left on base; Salt Lake 8 - Omaha 8 |
BOTTOM OF THE 9TH |
Omaha Storm Chasers batting - Pitching for Salt Lake Bees : RHP Danny Nava
|
Pitching: RHP Joe Beam
|
|
Pinch Hitting: LHB Shigeru Ono
|
0-0: Called Strike 0-1: Foul Ball, location: 2F 0-2: Ball 1-2: Foul Ball, location: 2F 1-2: Ball 2-2: Ball 3-2: Foul Ball, location: 2F 3-2: Base on Balls
|
Batting: LHB Jim Pankratz
|
0-0: Sac Bunt to 23 - play at first, batter OUT! 3-4 Shigeru Ono to second
|
Batting: RHB Walt Cogswell
|
0-0: SINGLE (Line Drive, 56D, EV 99.4 MPH) Shigeru Ono to third Runner from 3rd tries for Home, SAFE, throw by LF to home
|
Bottom of the 9th over - 1 run, 1 hit, 0 errors, 1 left on base; Salt Lake 8 - Omaha 9 |
|